AoeStats
← Cer Spence

Arena

509558975Analyzed
1v1 RM · 4d ago on Sep 27, 2026· 19m 3s· 2 players
Game mode
Random Map
Map size
Tiny (2 player)
Population
200
Speed
Normal
Resources
Standard
Victory
Conquest
Starting age
Dark Age
Ending age
Imperial Age
RankedLock teamsTeams togetherTeam positionsShared explorationLock speedFull tech treeHidden civsTurbo modeCheats
Victory
Defeat
🇭🇰 Malay · Hong Kong SAR China
648
+17
🇸🇪 Britons · Sweden
671
-17
Dingo
10:08 Feudal Age
8:35 Loom
14:29 Castle Age
12:50 Double-Bit Axe
Cer Spence
10:52 Feudal Age
11:35 Feudal Age
12:36 Double-Bit Axe
12:33 Horse Collar
16:17 Castle Age
Connection lost

Rejoining the realm…

Still unreachable

The connection could not be restored.

Session expired

The server has moved on; the page needs a fresh start.